AoeStats
← .ebz

Arena

510086596Analyzed
4v4 RM · 3d ago on Sep 29, 2026· 42m 6s· 8 players
Game mode
Random Map
Map size
Large (8 player)
Population
200
Speed
Normal
Resources
Standard
Victory
Conquest
Starting age
Dark Age
Ending age
Imperial Age
RankedLock teamsTeams togetherTeam positionsShared explorationLock speedFull tech treeHidden civsTurbo modeCheats
Victory
Defeat
🇵🇱 Bulgarians · Poland
1161
+15
🇹🇼 Khmer · Taiwan
1126
+16
🇹🇷 Saracens · Türkiye
1101
+17
🇹🇼 Wu · Taiwan
1063
+19
🇻🇳 Mongols · Vietnam
1143
-17
🇨🇳 Koreans · China
1130
-17
🇨🇳 Franks · China
1129
-17
🇨🇳 Romans · China
1106
-16
惊鸿
10:22 Feudal Age
9:31 Loom
14:21 Castle Age
13:13 Double-Bit Axe
13:12 Horse Collar
15:27 Bow Saw
19:52 Gold Mining
25:21 Wheelbarrow
26:11 Heavy Plow
26:49 Gold Shaft Mining
26:19 Town Watch
27:24 Fortified Wall
32:55 Imperial Age
31:15 Ballistics
31:24 Hand Cart
31:37 Crossbowman
33:00 Thumb Ring
32:47 Fletching
33:57 Conscription
33:02 Arbalester
33:38 Bodkin Arrow
34:49 Bracer
35:52 Chemistry
caolw9
10:52 Feudal Age
11:44 Double-Bit Axe
12:05 Horse Collar
14:28 Castle Age
14:04 Forging
15:04 Scale Mail Armor
17:25 Bow Saw
17:11 Man-at-Arms
18:44 Squires
18:58 Long Swordsman
23:24 Chain Mail Armor
25:33 Heavy Plow
29:57 Gold Mining
29:57 Stone Mining
31:29 Wheelbarrow
32:28 Gold Shaft Mining
35:42 Imperial Age
33:01 Loom
33:38 Hand Cart
34:54 Pikeman
36:18 Iron Casting
36:56 Halberdier
36:58 Legionary
38:51 Blast Furnace
38:12 Town Watch
等雨停
4:11 Loom
9:53 Feudal Age
13:57 Castle Age
11:55 Double-Bit Axe
16:34 Bow Saw
21:33 Wheelbarrow
21:23 Fortified Wall
23:05 Fletching
24:01 Hand Cart
25:50 Gold Mining
27:22 Gold Shaft Mining
31:17 Imperial Age
30:26 Masonry
30:58 Scale Barding Armor
31:40 Husbandry
32:04 Chain Barding Armor
31:28 Cavalier
32:34 Conscription
33:39 Plate Barding Armor
33:14 Forging
32:51 Paladin
35:34 Chivalry
37:10 Iron Casting
39:55 Blast Furnace
42:01 Bodkin Arrow
42:40 Architecture
kw3dsky
9:51 Feudal Age
15:55 Castle Age
14:34 Double-Bit Axe
14:30 Horse Collar
15:32 Stone Mining
15:34 Gold Mining
18:28 Fortified Wall
23:21 Fletching
24:04 Bodkin Arrow
25:56 Padded Archer Armor
34:06 Imperial Age
33:53 Bow Saw
33:45 Heavy Plow
35:32 Conscription
37:06 Conscription
37:09 Drill
39:59 Onager
CoskunKaya
9:08 Loom
11:06 Feudal Age
17:06 Castle Age
15:21 Double-Bit Axe
15:17 Horse Collar
25:09 Wheelbarrow
26:25 Bow Saw
26:16 Heavy Plow
29:05 Stone Mining
29:06 Gold Mining
32:24 Imperial Age
30:15 Hand Cart
29:45 Town Watch
30:49 Forging
30:45 Scale Barding Armor
32:26 Chain Barding Armor
32:42 Iron Casting
32:18 Bloodlines
32:09 Husbandry
34:29 Two-Man Saw
34:05 Gold Shaft Mining
34:31 Blast Furnace
33:56 Conscription
33:58 Elite Mameluke
36:08 Plate Barding Armor
36:08 Murder Holes
36:34 Ballistics
36:25 Masonry
36:31 Fletching
36:48 Siege Engineers
37:44 Chemistry
36:57 Counterweights
38:43 Bodkin Arrow
40:14 Bracer
41:35 Bimaristan
42:01 Hoardings
42:03 Caravan
42:34 Coinage
.ebz
11:10 Feudal Age
9:49 Loom
15:02 Castle Age
14:05 Double-Bit Axe
14:01 Horse Collar
14:13 Fletching
24:03 Wheelbarrow
25:07 Forging
25:41 Town Watch
26:13 Hand Cart
26:54 Bodkin Arrow
30:13 Murder Holes
35:51 Stone Mining
36:19 Bow Saw
36:31 Heavy Plow
39:13 Masonry
41:37 Imperial Age
41:27 Ballistics
42:00 Scale Mail Armor
42:11 Forging
41:40 Onager
yam70018
10:53 Feudal Age
15:30 Castle Age
13:45 Double-Bit Axe
15:01 Fletching
15:10 Gold Mining
15:38 Loom
20:27 Horse Collar
23:31 Town Watch
25:02 Red Cliffs Tactics
25:34 Heavy Plow
26:30 Bodkin Arrow
29:53 Wheelbarrow
29:18 Town Patrol
30:53 Gold Shaft Mining
33:05 Padded Archer Armor
34:03 Stone Mining
37:54 Bow Saw
39:02 Hand Cart
39:48 Leather Archer Armor
40:22 Scale Mail Armor
40:32 Forging
hello are you ok
0:59 Loom
10:37 Feudal Age
10:47 Feudal Age
14:43 Castle Age
12:43 Double-Bit Axe
13:06 Horse Collar
16:10 Bow Saw
18:05 Stone Mining
22:51 Gold Mining
23:39 Town Watch
25:36 Gold Shaft Mining
26:13 Heavy Plow
26:50 Stone Shaft Mining
27:09 Wheelbarrow
27:10 Husbandry
27:19 Scale Barding Armor
27:57 Bloodlines
28:10 Chain Barding Armor
28:06 Forging
31:35 Imperial Age
29:29 Hand Cart
29:46 Town Patrol
30:01 Town Patrol
30:33 Chain Barding Armor
30:49 Iron Casting
31:27 Tusk Swords
31:48 Fortified Wall
31:58 Ballistics
32:48 Crop Rotation
31:40 Elite Battle Elephant
32:54 Conscription
37:03 Plate Barding Armor
37:29 Blast Furnace
38:36 Scale Mail Armor
38:26 Fletching
38:37 Padded Archer Armor
39:33 Elite Skirmisher
41:18 Chemistry
40:13 Murder Holes
40:19 Bodkin Arrow
40:40 Leather Archer Armor
42:01 Bracer
42:31 Ring Archer Armor
42:18 Chain Mail Armor
42:44 Masonry
41:56 Light Cavalry
Connection lost

Rejoining the realm…

Still unreachable

The connection could not be restored.

Session expired

The server has moved on; the page needs a fresh start.